 Dungeon Crawl Stone Soup version 0.29.1-1-gd02db6906a (webtiles) character file.

Game seed: 6197089439709088239

1805 vvl the Stinger (level 8, -6/61 HPs)
             Began as a Demonspawn Venom Mage on Sept 26, 2022.
             Was an Initiate of Dithmenos.
             Shot with an arrow by a centaur warrior (18 damage)
             ... on level 7 of the Dungeon.
             The game lasted 00:12:39 (7060 turns).

vvl the Stinger (Demonspawn Venom Mage)             Turns: 7060, Time: 00:12:40

Health: -6/61      AC:  9    Str:  9    XL:     8   Next: 84%
Magic:  14/14      EV: 11    Int: 19    God:    Dithmenos [......]
Gold:   278        SH:  4    Dex: 13    Spells: 15/16 levels left

rFire   . . .      SeeInvis .   c - +0 long sword
rCold   . . .      Faith    .   (no shield)
rNeg    . . .      Spirit   .   o - +0 ring mail "Sodyfaul" {Regen+ rCorr}
rPois   .          Reflect  .   (helmet restricted)
rElec   .          Harm     .   (no cloak)
rCorr   +          Rampage  .   i - +0 pair of gloves
Will    .....                   (no boots)
Stlth   +.........              (no amulet)
HPRegen 1.00/turn               (no ring)
MPRegen 0.14/turn               (no ring)

@: no status effects
A: antennae 2, thin metallic scales 1, demonic guardian 2, condensation shield
a: Renounce Religion


You were on level 7 of the Dungeon.
You worshipped Dithmenos.
Dithmenos was noncommittal.
You visited 2 branches of the dungeon, and saw 8 of its levels.

You collected 278 gold pieces.

Inventory:

Hand Weapons
 c - a +0 long sword (weapon)
Armour
 i - a +0 pair of gloves (worn)
 o - the +0 ring mail "Sodyfaul" (worn) {Regen+ rCorr}
   (You found it on level 2 of the Dungeon)

   Regen:     It increases your rate of health regeneration.
   rCorr:     It protects you from acid and corrosion.
Jewellery
 z - an amulet of faith
Wands
 s - a wand of mindburst (20)
 u - a wand of flame (11)
 A - a wand of roots (12)
Scrolls
 e - 8 scrolls of identify {unknown}
 l - 2 scrolls of blinking {unknown}
 n - 6 scrolls of teleportation {unknown}
 p - a scroll of brand weapon {unknown}
 t - a scroll of poison {unknown}
 v - a scroll of butterflies {unknown}
 w - a scroll of immolation {unknown}
 x - a scroll of fear {unknown}
 y - a scroll of summoning {unknown}
 B - a scroll of vulnerability {unknown}
Potions
 a - a potion of resistance {unknown}
 b - a potion of magic
 d - 4 potions of lignification {unknown}
 f - 3 potions of heal wounds {unknown}
 g - 2 potions of ambrosia {unknown}
 h - 2 potions of brilliance {unknown}
 j - 2 potions of invisibility {unknown}
 k - 6 potions of curing {unknown}
 m - 2 potions of degeneration {unknown}
 q - 4 potions of cancellation {unknown}
 r - a potion of attraction {unknown}


   Skills:
 + Level 4.5 Fighting
 + Level 4.1 Armour
 + Level 4.6 Dodging
 - Level 2.0 Stealth
 + Level 4.5 Spellcasting
 - Level 4.0 Transmutations
 + Level 5.5 Poison Magic


You had 15 spell levels left.
You knew the following spells:

 Your Spells              Type           Power      Damage    Failure   Level
a - Sting                 Tmut/Pois      88%        1d7       4%          1

Your spell library contained the following spells:

 Spells                   Type           Power      Damage    Failure   Level
 Poisonous Vapours        Pois/Air       28%        N/A       17%         2
 Freeze                   Ice            16%        1d4       34%         1
 Olgreb's Toxic Radiance  Pois           25%        N/A       34%         4
 Mephitic Cloud           Conj/Pois/Air  11%        N/A       43%         3
 Frozen Ramparts          Ice            8%         1d2       71%         3
 Portal Projectile        Hex/Tloc       8%         N/A       71%         3
 Tukima's Dance           Hex            4%         N/A       71%         3
 Ice Form                 Ice/Tmut       11%        N/A       83%         4
 Blade Hands              Tmut           9%         N/A       88%         5
 Hailstorm                Conj/Ice       4%         3d4       98%         4
 Summon Ice Beast         Ice/Summ       4%         N/A       98%         4
 Summon Forest            Summ/Tloc      2%         N/A       100%        5
 Eringya's Noxious Bog    Tmut/Pois      11%        N/A       100%        6
 Summon Hydra             Summ           2%         N/A       100%        7


Dungeon Overview and Level Annotations

Branches:
Dungeon (7/15)             Temple (1/1) D:6

Altars:
Ashenzari
Cheibriados
Dithmenos
Fedhas
Gozag
Hepliaklqana
Kikubaaqudgha
Makhleb
Nemelex Xobeh
Okawaru
Qazlal
Ru
Sif Muna
Trog
Uskayaw
Vehumet
Wu Jian
Xom
Yredelemnul

Shops:
D:6 (

Annotations:
D:5 3 runed translucent doors, Iamsock's ghost, amateur GnWn


Innate Abilities, Weirdness & Mutations

You have a pair of antennae on your head.
You are partially covered in thin metallic scales. (AC +2)
A demonic guardian rushes to your aid.
A meltable shield of frost defends you. (SH +4)


Message History

The centaur warrior is moderately wounded.
The centaur warrior hits you! You block the centaur warrior's attack.
The centaur warrior closely misses you.
The centaur warrior kicks you but does no damage.
You hit the centaur warrior but do no damage.
The centaur warrior is moderately wounded.
The centaur warrior hits you. The centaur warrior barely misses you.
You block the centaur warrior's attack. The centaur warrior kicks you.
You barely miss the centaur warrior.
The centaur warrior is moderately wounded.
The centaur warrior hits you!
A demonic guardian appears!
The centaur warrior kicks you.
The centaur warrior hits you but does no damage.
The centaur warrior kicks you but does no damage.
You closely miss the centaur warrior.
The centaur warrior is moderately wounded.
The centaur warrior hits you.
The centaur warrior kicks you but does no damage.
The centaur warrior hits you but does no damage.
You block the centaur warrior's attack.
You barely miss the centaur warrior.
The centaur warrior is moderately wounded.
The centaur warrior hits you!
The centaur warrior kicks you but does no damage.
The centaur warrior hits you!
* * * LOW HITPOINT WARNING * * *
The centaur warrior kicks you but does no damage.
The centaur warrior hits you.
* * * LOW HITPOINT WARNING * * *
The centaur warrior kicks you.
* * * LOW HITPOINT WARNING * * *
You swap places.
Your hellwing hits the centaur warrior but does no damage.
Your hellwing hits the centaur warrior.
The centaur warrior hits your hellwing but does no damage.
The centaur warrior barely misses your hellwing.
The centaur warrior wields a +0 shortbow.
The centaur warrior shoots an arrow.
The arrow closely misses your hellwing. The arrow hits you!!
You die...

####### #oc4..##
#####.###@.####
#.....{###....##
#...####.{.####..####
..~ ###~..###....# .
#J...####.# .h.~.#
#.# . #~... #.# ~
..$~ #.# ≈~. #.# ###


You could see a centaur warrior (ally target), an orc warrior and a friendly
hellwing (summoned).

Vanquished Creatures
  An ice beast (D:7)
  2 black bears
  A centaur (D:6)
  An ogre (D:5)
  A phantom (D:6)
  A necrophage (D:5)
  4 scorpions
  A howler monkey (D:6)
  2 jellies
  2 orc priests
  2 hounds (D:5)
  An iguana (D:5)
  A scorpion zombie (D:3)
  2 orc wizards
  3 gnolls (D:5)
  7 adders
  A shadow imp (D:5)
  2 white imps
  An adder zombie (D:3)
  A worm (D:2)
  A dart slug (D:5)
  9 orcs
  7 ball pythons
  6 endoplasms
  3 giant cockroaches
  4 goblins
  5 hobgoblins
  3 jackals (D:3)
  2 quokkas (D:2)
  A ball python zombie (D:3)
  7 bats
  A frilled lizard (D:1)
  7 kobolds
  5 rats
98 creatures vanquished.

Vanquished Creatures (collateral kills)
  A shadow (D:6)
  A vampire mosquito (D:7)
  A sky beast (D:7)
  An ogre (D:6)
  An iguana (D:3)
  An adder (D:3)
  A jackal (D:3)
  A quokka (D:3)
8 creatures vanquished.

Vanquished Creatures (others)
  An orc wizard (D:4)
1 creature vanquished.

Grand Total: 107 creatures vanquished

Notes
Turn   | Place    | Note
-------+----------+-------------------------------------------
     0 | D:1      | vvl the Demonspawn Venom Mage began the quest for the Orb.
     0 | D:1      | Reached XP level 1. HP: 13/13 MP: 3/3
   189 | D:1      | Reached skill level 1 in Transmutations
   413 | D:1      | Gained mutation: A meltable shield of frost defends you.
                  | (SH +4) [demonic ancestry]
   413 | D:1      | Reached XP level 2. HP: 18/20 MP: 5/5
   752 | D:1      | Found a faded altar of an unknown god.
   994 | D:2      | Identified the +0 ring mail "Sodyfaul" {Regen+ rCorr}
  1396 | D:2      | You fall into a shaft and drop 1 floor!
  1413 | D:3      | Gained mutation: A weak demonic guardian rushes to your
                  | aid. [demonic ancestry]
  1413 | D:3      | Reached XP level 3. HP: 25/25 MP: 6/6
  1424 | D:3      | Reached skill level 1 in Fighting
  1424 | D:3      | Reached skill level 1 in Armour
  1463 | D:3      | Found a basalt altar of Yredelemnul.
  1874 | D:3      | Gained mutation: You have a pair of small antennae on your
                  | head. [demonic ancestry]
  1874 | D:3      | Reached XP level 4. HP: 32/32 MP: 5/7
  2029 | D:3      | Found a snail-covered altar of Cheibriados.
  2516 | D:4      | Reached XP level 5. HP: 38/38 MP: 0/8
  3635 | D:5      | Entered Level 5 of the Dungeon
  3661 | D:5      | Gained mutation: You are partially covered in thin metallic
                  | scales. (AC +2) [demonic ancestry]
  3661 | D:5      | Reached XP level 6. HP: 44/44 MP: 6/10
  3859 | D:5      | Found a runed translucent gate.
  3859 | D:5      | Found a runed translucent gate.
  3859 | D:5      | Found a runed translucent gate.
  3860 | D:5      | Found an opulent altar of Gozag.
  3861 | D:5      | Noticed a water moccasin
  3861 | D:5      | Noticed a hornet
  3864 | D:5      | Noticed a two-headed ogre
  3865 | D:5      | Noticed Iamsock's ghost (amateur GnWn)
  4057 | D:5      | Reached skill level 4 in Poison Magic
  4438 | D:5      | Gained mutation: A demonic guardian rushes to your aid.
                  | [demonic ancestry]
  4438 | D:5      | Reached XP level 7. HP: 48/51 MP: 0/11
  5405 | D:6      | Found Uzxeeclubb's Weapon Shop.
  5438 | D:6      | Gained mutation: You have a pair of antennae on your head.
                  | [demonic ancestry]
  5438 | D:6      | Reached XP level 8. HP: 24/59 MP: 10/13
  5492 | D:6      | Found a staircase to the Ecumenical Temple.
  5942 | D:6      | Reached skill level 5 in Poison Magic
  5968 | D:6      | Found a burning altar of Makhleb.
  5968 | D:6      | Found a shimmering blue altar of Sif Muna.
  5974 | D:6      | Found a blossoming altar of Fedhas.
  5976 | D:6      | Found a shimmering altar of Xom.
  5978 | D:6      | Found a faded altar of an unknown god.
  6128 | Temple   | Entered the Ecumenical Temple
  6334 | Temple   | Became a worshipper of Dithmenos the Shadowed
  7034 | D:7      | Noticed a centaur warrior
  7060 | D:7      | Shot with an arrow by a centaur warrior

Illustrated notes

Levels and vault maps discovered:
D:1:      lightli_molten_gateway, layout_loops_ring,
          hellmonk_ecumenical_altar_crossroads
D:2:      layout_loops_ring
D:3:      layout_rooms, nicolae_yredelemnul_corpse_copse,
          mainiacjoe_overflow_24_doors, hangedman_decor_diamond_cutter
D:4:      layout_basic
D:5:      layout_basic, gup_sewer_entry_glass, ebering_ghost_gozag
D:6:      layout_loops_ring, chequers_temple_overflow_minitemple,
          minmay_temple_entry_antechambers, serial_shops,
          nicolae_shop_advertising_works [nicolae_subvault_shop_adworks]
D:7:      layout_gridville, nzn_random_ring
Temple:   eino_temple_scatter_basement

Skill      XL: |  1  2  3  4  5  6  7  8 |
---------------+-------------------------+-----
Transmutations | 1 2 3 4 |  4.0
Stealth        | 2 |  2.0
Dodging        | 2 3 4 |  4.6
Fighting       | 1 2 3 4 |  4.5
Armour         | 1 2 3 4 |  4.1
Spellcasting   | 3 4 |  4.5
Poison Magic   | 4 5 |  5.5

Action                   |  1- 3 |  4- 6 |  7- 9 || total
-------------------------+-------+-------+-------++-------
Melee: Long sword        |   110 |    76 |    99 ||   285
       Punch             |       |       |     1 ||     1
 Cast: Sting             |     9 |    82 |    90 ||   181
 Stab: Sleeping          |     2 |       |       ||     2
Armor: Ring mail         |    50 |    81 |    92 ||   223
       Robe              |     1 |       |       ||     1
Dodge: Dodged            |    82 |    99 |    87 ||   268
Block: Other             |    16 |    38 |    32 ||    86
